 Dungeon Crawl Stone Soup version 0.29-a0-923-g6e406bff71 (webtiles) character file.

Game seed: 14674947869746508624

103 Newt the Ruffian (level 4, 0/34 HPs)
             Began as a Demonspawn Gladiator on July 27, 2022.
             Slain by an orc wizard
             ... wielding a +3 dagger of protection
              (4 damage)
             ... on level 3 of the Dungeon.
             The game lasted 00:04:44 (2258 turns).

Newt the Ruffian (Demonspawn Gladiator)             Turns: 2258, Time: 00:04:44

Health: 0/34       AC: 14    Str: 16    XL:     4   Next: 51%
Magic:  4/4        EV:  5    Int: 10    God:
Gold:   108        SH:  0    Dex: 14    Spells: 3/3 levels left

rFire   . . .      SeeInvis .   k - +2 falchion (pain)
rCold   . . .      Faith    .   (no shield)
rNeg    . . .      Spirit   .   e - +0 plate armour
rPois   .          Reflect  .   b - +0 helmet
rElec   .          Harm     .   p - +0 cloak
rCorr   .          Rampage  .   (no gloves)
Will    .....                   (no boots)
Stlth   ..........              (no amulet)
HPRegen 0.11/turn               (no ring)
MPRegen 0.09/turn               (no ring)

@: no status effects
A: molten scales 1, foul stench 1
a: no special abilities


You were on level 3 of the Dungeon.
You visited 1 branch of the dungeon, and saw 4 of its levels.

You collected 108 gold pieces.

Inventory:

Hand Weapons
 k - a +2 falchion of pain (weapon)
Missiles
 c - 3 throwing nets (quivered)
 d - a javelin
 h - 2 poisoned darts
Armour
 a - a +0 leather armour
 b - a +0 helmet (worn)
 e - a +0 plate armour (worn)
 p - a +0 cloak (worn)
Jewellery
 j - an amulet of reflection
Scrolls
 g - a scroll of blinking {unknown}
 m - a scroll of fear {unknown}
 o - a scroll of teleportation {unknown}
Potions
 i - a potion of might
 n - a potion of degeneration {unknown}
 q - a potion of curing {unknown}
 r - a potion of mutation {unknown}
 s - a potion of invisibility {unknown}


   Skills:
 + Level 2.5 Fighting
 * Level 2.3 Long Blades
 + Level 1.9 Throwing
 + Level 0.9 Armour
 + Level 3.1 Dodging
 - Level 3.1 Unarmed Combat


You had 3 spell levels left.
You didn't know any spells.
Your spell library was empty.

Dungeon Overview and Level Annotations

Branches:
Dungeon (4/15)
 Temple: D:4-7

Altars:
Nemelex Xobeh
Trog


Innate Abilities, Weirdness & Mutations

You are partially covered in molten scales. (AC +2)
You may rarely emit foul miasma when damaged in melee.


Message History

You resist with some effort. The orc hits you but does no damage.
You feel much better.
The orc wizard points at you and mumbles some strange words.
You resist with some effort. The orc hits you but does no damage.
You hit the orc wizard.
The orc wizard is moderately wounded.
The orc wizard hits you but does no damage.
The orc hits you with a +0 morningstar.
You closely miss the orc wizard.
The orc wizard is moderately wounded.
The orc wizard hits you but does no damage.
The orc hits you but does no damage.
The orc wizard hits you but does no damage.
You barely miss the orc wizard.
The orc wizard is moderately wounded.
The orc hits you with a +0 morningstar.
The orc wizard gestures wildly while chanting.
The orc wizard flickers and vanishes!
Deactivating autopickup; reactivate with Ctrl-A.
You slash the orc!
The orc is almost dead.
The orc hits you but does no damage. Something hits you but does no damage.
The orc hits you with a +0 morningstar.
You slash the orc!
You kill the orc!
Something hits you.
* * * LOW HITPOINT WARNING * * *
There is a stone staircase leading down here.
You barely miss something. Something hits you but does no damage.
You closely miss something. Something hits you but does no damage.
Something hits you.
* * * LOW HITPOINT WARNING * * *
You miss something. Something hits you but does no damage.
You hit something. Something hits you.
* * * LOW HITPOINT WARNING * * *
You hit something but do no damage. Something hits you but does no damage.
You hit something. Something hits you but does no damage.
You barely miss something. Something hits you but does no damage.
Something hits you.
You die...

#.........## ....
#........## ≈≈≈≈
#.###...## ≈≈≈≈
#.###...##### ≈.≈
#.##.......... #≈≈
#.##.......##.
##.####.##<.....>#
.?.#$.)#.)..#.......#
.......).{@.........#
........)...........#
.............)###..##
...........#....>....
...#...#..##.........
#. ##.#######........
≈ #≈≈ #.###### .≈≈
#.. #.


There were no monsters in sight!

Vanquished Creatures
  An orc priest (D:3)
  2 adders (D:2)
  2 worms (D:2)
  2 dart slugs
  4 orcs (D:3)
  3 ball pythons
  2 endoplasms (D:1)
  2 giant cockroaches
  2 goblins
  6 hobgoblins
  8 kobolds
  2 quokkas (D:2)
  A bat (D:2)
  A frilled lizard (D:3)
  4 rats
42 creatures vanquished.

Vanquished Creatures (others)
  6 plants (D:3)
6 creatures vanquished.

Grand Total: 48 creatures vanquished

Notes
Turn   | Place    | Note
-------+----------+-------------------------------------------
     0 | D:1      | Newt the Demonspawn Gladiator began the quest for the Orb.
     0 | D:1      | Reached XP level 1. HP: 16/16 MP: 1/1
   769 | D:1      | Gained mutation: You are partially covered in molten
                  | scales. (AC +2) [demonic ancestry]
   769 | D:1      | Reached XP level 2. HP: 21/22 MP: 2/2
   798 | D:1      | Found a faded altar of an unknown god.
   856 | D:1      | Prayed at the altar of an unknown god.
   856 | D:1      | Became a worshipper of Trog the Wrathful
   856 | D:1      | Reached * piety under Trog
  1196 | D:2      | Reached XP level 3. HP: 27/27 MP: 3/3
  1247 | D:2      | Reached skill level 1 in Long Blades
  1253 | D:2      | Fell from the grace of Trog
  1448 | D:2      | Paralysed by Trog for 2 turns
  1736 | D:2      | Found a sparkling altar of Nemelex Xobeh.
  2226 | D:3      | Gained mutation: You may rarely emit foul miasma when
                  | damaged in melee. [demonic ancestry]
  2226 | D:3      | Reached XP level 4. HP: 34/34 MP: 4/4
  2258 | D:3      | Slain by an orc wizard

Illustrated notes

Levels and vault maps discovered:
D:1:      lightli_arrival_windingriver, layout_loops_cross,
          ebering_ecumenical_altar_ruins
D:2:      minmay_recursive_quarters, layout_basic, basic_altar
D:3:      wad_lake_hut, layout_rooms, mainiacjoe_overflow_24_doors,
          chequers_garden
D:4:      layout_basic, nicolae_gozag_seed_capital, uniq_robin

Skill      XL: |  1  2  3  4 |
---------------+-------------+-----
Unarmed Combat | 3 |  3.1
Dodging        | 3 |  3.1
Long Blades    | 1 2 |  2.3
Fighting       | |  2.5
Throwing       | |  1.9
Armour         | |  0.9

Action                   |  1- 3 |  4- 6 || total
-------------------------+-------+-------++-------
Melee: Unarmed           |    30 |       ||    30
       Punch             |     4 |       ||     4
       Falchion          |    72 |    26 ||    98
  Use: Scroll            |     2 |       ||     2
       Potion            |       |     1 ||     1
Armor: Plate armour      |    69 |    18 ||    87
Dodge: Dodged            |    21 |     3 ||    24

Table legend: (Time is in decaauts)
 A = Elapsed time spent in this place.
 B = Non-inter-level travel time spent in this place.
 C = Inter-level travel time spent in this place.
 D = Time resting spent in this place.
 E = Time spent auto-exploring this place.
 F = Levels seen in this place.
 G = Mean time per level.
                   A        B        C        D        E       F      G
               +--------+--------+--------+--------+--------+-----+--------+
         Total |   2284 |   2263 |     21 |    652 |   1111 |   4 |  571.0 |
       Dungeon |   2284 |   2263 |     21 |    652 |   1111 |   4 |  571.0 |
               +--------+--------+--------+--------+--------+-----+--------+

Top non-repeatable levels by time:
     D:2: 1031 daAuts
     D:1: 878 daAuts
     D:4: 199 daAuts
     D:3: 174 daAuts
